PBL
CALGARY FLAMES @ JOPLIN BLASTERS
09/07/2044
 
TOP OF THE 1ST
Calgary Flames batting - Pitching for Joplin Blasters : RHP Mike Galvin
Pitching: RHP Mike Galvin
Batting: RHB Dave McBain 0-0: Foul Ball, location: 2F
0-1: Ball
1-1: Foul Ball, location: 2F
1-2: SINGLE (Line Drive, 89S, EV 97.5 MPH)
Batting: RHB Elias Vences 0-0: Ball
1-0: Ball
2-0: Hit by Pitch
Dave McBain to second
Batting: RHB Eric McMillian 0-0: SINGLE (Line Drive, 5D, EV 108.1 MPH)
Dave McBain to third
Elias Vences to second
Runner from 3rd tries for Home, SAFE, throw by LF to home
Batting: RHB Wally Cangro 0-0: Called Strike
0-1: Foul Ball, location: 2F
0-2: Ball
1-2: Strikes out swinging
Batting: RHB Ricardo Ortiz 0-0: Ball
1-0: Foul Ball, location: 2F
1-1: Foul Ball, location: 2F
Pickoff Throw to Second - Out!
1-2: Foul Ball, location: 2F
1-2: Strikes out swinging
Top of the 1st over - 1 run, 2 hits, 0 errors, 1 left on base; Calgary 1 - Joplin 0
BOTTOM OF THE 1ST
Joplin Blasters batting - Pitching for Calgary Flames : RHP Antonio Reyes
Pitching: RHP Antonio Reyes
Batting: LHB David Bearden 0-0: Called Strike
0-1: Ball
1-1: Ground out 4-3 (Groundball, 4, EV 80.0 MPH)
Batting: RHB Carlos Santoni 0-0: Called Strike
0-1: Ball
1-1: Swinging Strike
1-2: Ball
2-2: Ground out 5-3 (Groundball, 56, EV 85.6 MPH)
Batting: LHB Josh Dalton 0-0: Called Strike
0-1: Ball
1-1: TRIPLE (Flyball, 9LD, EV 114.4 MPH)
Batting: RHB Bobby Matyas 0-0: Ground out 6-3 (Groundball, 6, EV 90.6 MPH)
Bottom of the 1st over - 0 runs, 1 hit, 0 errors, 1 left on base; Calgary 1 - Joplin 0
TOP OF THE 2ND
Calgary Flames batting - Pitching for Joplin Blasters : RHP Mike Galvin
Batting: RHB Mike MacLeod 0-0: Called Strike
0-1: Swinging Strike
0-2: Strikes out swinging
Batting: LHB James McCauley 0-0: Ball
1-0: Ball
2-0: Reached on error, E7 (Flyball, 7, EV 88.8 MPH)
Batting: RHB Ed Oake 0-0: Called Strike
0-1: Ball
1-1: Foul Ball, location: 2F
1-2: Foul Ball, location: 2F
1-2: Fly out, F9 (Flyball, 9D, EV 75.6 MPH)
Batting: LHB Lu-po-teh Zhou 0-0: Called Strike
0-1: Swinging Strike
0-2: Ball
1-2: Ball
2-2: Foul Ball, location: 2F
2-2: Ball
3-2: Ground out 4-3 (Groundball, 4, EV 106.3 MPH)
Top of the 2nd over - 0 runs, 0 hits, 1 error, 1 left on base; Calgary 1 - Joplin 0
BOTTOM OF THE 2ND
Joplin Blasters batting - Pitching for Calgary Flames : RHP Antonio Reyes
Batting: RHB Chance Argy 0-0: Foul Ball, location: 2F
0-1: SINGLE (Groundball, 34D, EV 98.1 MPH)
Batting: RHB Justin Goff 0-0: Ball
1-0: Ball
2-0: Ball
3-0: Swinging Strike
3-1: Foul Ball, location: 2F
3-2: Base on Balls
Chance Argy to second
Batting: SHB Sean Hill 0-0: Ball
1-0: Swinging Strike
1-1: Ball
2-1: Fly out, F6 (Popup, P, EV 78.1 MPH)
Batting: RHB Adam Krieger 0-0: Ball
1-0: Called Strike
1-1: Fly out, F6 (Flyball, 56D, EV 88.8 MPH)
Batting: RHB Jason Birge 0-0: Ball
1-0: Called Strike
1-1: Ground out 3-1 (Groundball, 34, EV 79.4 MPH)
Bottom of the 2nd over - 0 runs, 1 hit, 0 errors, 2 left on base; Calgary 1 - Joplin 0
TOP OF THE 3RD
Calgary Flames batting - Pitching for Joplin Blasters : RHP Mike Galvin
Batting: RHB Dave McBain 0-0: Ball
1-0: Ball
2-0: Called Strike
2-1: Ball
3-1: Base on Balls
Batting: RHB Elias Vences 0-0: Called Strike
0-1: Ball
1-1: Ball
2-1: Foul Ball, location: 2F
2-2: Ball
3-2: Base on Balls
Dave McBain to second
Batting: RHB Eric McMillian 0-0: Ball
1-0: Ball
2-0: Fly out, F8 (Flyball, 8RM, EV 90.6 MPH)
Batting: RHB Wally Cangro 0-0: Swinging Strike
0-1: Ball
1-1: Swinging Strike
1-2: Strikes out swinging
Batting: RHB Ricardo Ortiz 0-0: Ball
1-0: Fly out, F4 (Line Drive, 4, EV 66.9 MPH)
Top of the 3rd over - 0 runs, 0 hits, 0 errors, 2 left on base; Calgary 1 - Joplin 0
BOTTOM OF THE 3RD
Joplin Blasters batting - Pitching for Calgary Flames : RHP Antonio Reyes
Batting: LHB David Bearden 0-0: Called Strike
0-1: Ball
1-1: Foul Ball, location: 2F
1-2: Strikes out swinging
Batting: RHB Carlos Santoni 0-0: Ball
1-0: Ball
2-0: Called Strike
2-1: Called Strike
2-2: Strikes out looking
Batting: LHB Josh Dalton 0-0: Ball
1-0: Fly out, F9 (Line Drive, 9, EV 92.5 MPH)
Bottom of the 3rd over - 0 runs, 0 hits, 0 errors, 0 left on base; Calgary 1 - Joplin 0
TOP OF THE 4TH
Calgary Flames batting - Pitching for Joplin Blasters : RHP Mike Galvin
Batting: RHB Mike MacLeod 0-0: Ball
1-0: Called Strike
1-1: Ball
2-1: Fly out, F9 (Flyball, 9, EV 90.0 MPH)
Batting: LHB James McCauley 0-0: Ball
1-0: Ball
2-0: Called Strike
2-1: Ball
3-1: Foul Ball, location: 2F
3-2: SOLO HOME RUN (Flyball, 9LD, EV 96.3 MPH), Distance : 361 ft
Batting: RHB Ed Oake 0-0: Called Strike
0-1: Swinging Strike
0-2: Strikes out swinging
Batting: LHB Lu-po-teh Zhou 0-0: Called Strike
0-1: Ground out 3-1 (Groundball, 34, EV 87.5 MPH)
Top of the 4th over - 1 run, 1 hit, 0 errors, 0 left on base; Calgary 2 - Joplin 0
BOTTOM OF THE 4TH
Joplin Blasters batting - Pitching for Calgary Flames : RHP Antonio Reyes
Batting: RHB Bobby Matyas 0-0: Called Strike
0-1: Ground out 6-3 (Groundball, 56, EV 101.3 MPH)
Batting: RHB Chance Argy 0-0: Called Strike
0-1: Ball
1-1: Ball
2-1: SINGLE (Flyball, 8RS, EV 92.5 MPH)
Batting: RHB Justin Goff 0-0: Foul Ball, location: 2F
0-1: Swinging Strike
0-2: Ball
1-2: Ball
2-2: Foul Ball, location: 2F
2-2: Ball
3-2: Grounds into double play, 5-4-3 (Groundball, 56, EV 100.6 MPH)
Bottom of the 4th over - 0 runs, 1 hit, 0 errors, 0 left on base; Calgary 2 - Joplin 0
TOP OF THE 5TH
Calgary Flames batting - Pitching for Joplin Blasters : RHP Mike Galvin
Batting: RHB Dave McBain 0-0: Fly out, F7 (Line Drive, 7D, EV 86.9 MPH)
Batting: RHB Elias Vences 0-0: Called Strike
0-1: Called Strike
0-2: Strikes out looking
Batting: RHB Eric McMillian 0-0: Ball
1-0: Ball
2-0: Ball
3-0: Base on Balls
Batting: RHB Wally Cangro 0-0: Ball
1-0: Called Strike
1-1: Ball
2-1: Foul Ball, location: 2F
2-2: Ball
3-2: Base on Balls
Eric McMillian to second
Batting: RHB Ricardo Ortiz 0-0: Ball
1-0: Called Strike
1-1: Ball
2-1: Ground out 5-3 (Groundball, 56S, EV 69.4 MPH)
Top of the 5th over - 0 runs, 0 hits, 0 errors, 2 left on base; Calgary 2 - Joplin 0
BOTTOM OF THE 5TH
Joplin Blasters batting - Pitching for Calgary Flames : RHP Antonio Reyes
Batting: SHB Sean Hill 0-0: Ball
1-0: Called Strike
1-1: Foul Ball, location: 2F
1-2: SINGLE (Groundball, 4MD, EV 105.6 MPH)
Batting: RHB Adam Krieger 0-0: Swinging Strike
0-1: Foul Ball, location: 2F
0-2: Foul Ball, location: 2F
0-2: Foul Ball, location: 2F
0-2: Ball
1-2: Ball
2-2: Foul Ball, location: 2F
2-2: Foul Ball, location: 2F
2-2: Strikes out swinging
Batting: RHB Jason Birge 0-0: Swinging Strike
0-1: Called Strike
0-2: Foul Ball, location: 2F
0-2: Fly out, F7 (Line Drive, 7, EV 94.4 MPH)
Batting: LHB David Bearden 0-0: Ball
1-0: Swinging Strike
1-1: Foul Ball, location: 2F
1-2: Strikes out swinging
Bottom of the 5th over - 0 runs, 1 hit, 0 errors, 1 left on base; Calgary 2 - Joplin 0
TOP OF THE 6TH
Calgary Flames batting - Pitching for Joplin Blasters : RHP Mike Galvin
Batting: RHB Mike MacLeod 0-0: Swinging Strike
0-1: Called Strike
0-2: Ball
1-2: Ball
2-2: Strikes out swinging
Batting: LHB James McCauley 0-0: Foul Ball, location: 2F
0-1: Swinging Strike
0-2: Ball
1-2: Foul Ball, location: 2F
1-2: Strikes out swinging, 2-3 out at first.
Batting: RHB Ed Oake 0-0: Ball
1-0: Foul Ball, location: 2F
1-1: Ball
2-1: Ball
3-1: Called Strike
3-2: Foul Ball, location: 2F
3-2: Strikes out swinging
Top of the 6th over - 0 runs, 0 hits, 0 errors, 0 left on base; Calgary 2 - Joplin 0
BOTTOM OF THE 6TH
Joplin Blasters batting - Pitching for Calgary Flames : RHP Antonio Reyes
Batting: RHB Carlos Santoni 0-0: Ball
1-0: Ball
2-0: Ball
3-0: Called Strike
3-1: Swinging Strike
3-2: Base on Balls
Pitching: RHP Chris Pisor
Batting: LHB Josh Dalton 0-0: 2-RUN HOME RUN (Flyball, 7LD, EV 95.0 MPH), Distance : 331 ft
Batting: RHB Bobby Matyas 0-0: Swinging Strike
0-1: Foul Ball, location: 2F
0-2: Foul Ball, location: 2F
0-2: Strikes out swinging
Batting: RHB Chance Argy 0-0: Ball
1-0: Ball
2-0: Foul Ball, location: 2F
2-1: Ball
3-1: Base on Balls
Batting: RHB Justin Goff 0-0: Ball
1-0: Ball
2-0: SINGLE (Line Drive, 34D, EV 97.5 MPH)
Chance Argy to second
Runner from 2nd tries for 3rd, SAFE, throw by RF made to third
Batting: SHB Sean Hill 0-0: Ball
1-0: Ball
2-0: Ball
3-0: Called Strike
3-1: Base on Balls
Justin Goff to second
Batting: RHB Adam Krieger 0-0: Called Strike
0-1: Ball
1-1: Ball
2-1: Ball
3-1: DOUBLE (Line Drive, 78D, EV 108.1 MPH)
Chance Argy scores
Justin Goff scores
Sean Hill to third
Runner from 3rd tries for Home, SAFE, no throw by LF
Pitching: RHP Dave Waterman
Batting: LHB Danny Pacheco 0-0: Ball
1-0: Ball
2-0: Called Strike
2-1: Called Strike
2-2: Foul Ball, location: 2F
2-2: Ball
3-2: Strikes out swinging
Batting: LHB David Bearden 0-0: Called Strike
0-1: Ball
1-1: DOUBLE (Line Drive, 89M, EV 96.3 MPH)
Adam Krieger scores
Batting: RHB Carlos Santoni 0-0: Ball
1-0: Ball
Passed Ball!
David Bearden to third
2-0: Ground out 6-3 (Groundball, 6, EV 80.6 MPH)
Bottom of the 6th over - 6 runs, 4 hits, 0 errors, 1 left on base; Calgary 2 - Joplin 6
TOP OF THE 7TH
Calgary Flames batting - Pitching for Joplin Blasters : RHP Mike Galvin
Pitching: RHP Ian Current
Batting: LHB Lu-po-teh Zhou 0-0: Swinging Strike
0-1: Swinging Strike
0-2: Ball
1-2: Ball
2-2: Foul Ball, location: 2F
2-2: Strikes out swinging
Batting: RHB Dave McBain 0-0: Called Strike
0-1: Ball
1-1: Fly out, F9 (Flyball, 89D, EV 105.0 MPH)
Batting: RHB Elias Vences 0-0: Swinging Strike
0-1: Foul Ball, location: 2F
0-2: Foul Ball, location: 2F
0-2: Strikes out looking
Top of the 7th over - 0 runs, 0 hits, 0 errors, 0 left on base; Calgary 2 - Joplin 6
BOTTOM OF THE 7TH
Joplin Blasters batting - Pitching for Calgary Flames : RHP Dave Waterman
Pitching: RHP Mason Broderick
Batting: LHB Josh Dalton 0-0: Called Strike
0-1: Called Strike
0-2: Ball
1-2: Ball
2-2: Foul Ball, location: 2F
2-2: TRIPLE (Groundball, 3L, EV 101.9 MPH)
Batting: RHB Bobby Matyas 0-0: Called Strike
0-1: Called Strike
0-2: Foul Ball, location: 2F
0-2: Foul Ball, location: 2F
0-2: Ball
1-2: Ball
2-2: SINGLE (Line Drive, 4D, EV 105.0 MPH)
Josh Dalton scores
Batting: RHB Chance Argy 0-0: Ball
1-0: Ball
2-0: SINGLE (Flyball, 5D, EV 90.0 MPH)
Bobby Matyas to second
Batting: RHB Justin Goff 0-0: Ball
1-0: SINGLE (Groundball, 56D, EV 101.9 MPH)
Bobby Matyas to third
Chance Argy to second
Batting: SHB Sean Hill 0-0: Swinging Strike
0-1: Fly out, F8 (Flyball, 8LXD, EV 86.3 MPH)
Runner from 3rd tags up, SCORES, no throw by CF
Batting: RHB Adam Krieger 0-0: Ball
1-0: Foul Ball, location: 2F
1-1: Foul Ball, location: 2F
1-2: Ball
2-2: Foul Ball, location: 2F
2-2: Ball
3-2: Fly out, F8 (Flyball, 8RD, EV 89.4 MPH)
Batting: LHB Danny Pacheco 0-0: Swinging Strike
0-1: Ball
1-1: Swinging Strike
1-2: Foul Ball, location: 2F
1-2: Strikes out looking
Bottom of the 7th over - 2 runs, 4 hits, 0 errors, 2 left on base; Calgary 2 - Joplin 8
TOP OF THE 8TH
Calgary Flames batting - Pitching for Joplin Blasters : RHP Ian Current
Batting: RHB Eric McMillian 0-0: Ball
1-0: Called Strike
1-1: Foul Ball, location: 2F
1-2: Foul Ball, location: 2F
1-2: Foul Ball, location: 2F
1-2: Ball
2-2: SOLO HOME RUN (Flyball, 78XD, EV 102.5 MPH), Distance : 399 ft
Pitching: LHP Tyler Abraham
Batting: RHB Wally Cangro 0-0: Ball
1-0: Fly out, F9 (Flyball, 89S, EV 91.9 MPH)
Batting: RHB Ricardo Ortiz 0-0: Ball
1-0: Called Strike
1-1: Ground out 5-3 (Groundball, 5, EV 78.1 MPH)
Batting: RHB Mike MacLeod 0-0: Ball
1-0: Foul Ball, location: 2F
1-1: Ball
2-1: Swinging Strike
2-2: Fly out, F8 (Flyball, 8RXD, EV 100.6 MPH)
Top of the 8th over - 1 run, 1 hit, 0 errors, 0 left on base; Calgary 3 - Joplin 8
BOTTOM OF THE 8TH
Joplin Blasters batting - Pitching for Calgary Flames : RHP Mason Broderick
Batting: LHB David Bearden 0-0: Called Strike
0-1: SINGLE (Groundball, 6M, EV 101.9 MPH)
Batting: RHB Carlos Santoni 0-0: Ball
1-0: Ball
2-0: Ball
3-0: Called Strike
3-1: Fly out, F9 (Flyball, 9, EV 88.8 MPH)
Pitching: RHP Ching Ge
Batting: LHB Josh Dalton 0-0: Swinging Strike
0-1: Called Strike
0-2: Ball
1-2: Foul Ball, location: 2F
1-2: Strikes out swinging
Batting: RHB Bobby Matyas 0-0: Ball
1-0: Swinging Strike
1-1: Fielders Choice at 2nd, 6-4 (Groundball, 6, EV 89.4 MPH)
Bottom of the 8th over - 0 runs, 1 hit, 0 errors, 1 left on base; Calgary 3 - Joplin 8
TOP OF THE 9TH
Calgary Flames batting - Pitching for Joplin Blasters : LHP Tyler Abraham
Batting: LHB James McCauley 0-0: Called Strike
0-1: Ball
1-1: Ground out U3 (Groundball, 23, EV 86.9 MPH)
Batting: RHB Ed Oake 0-0: Ball
1-0: Ball
2-0: Ball
3-0: Base on Balls
Pinch Hitting: RHB Adrian Cook 0-0: SINGLE (Line Drive, 4D, EV 98.1 MPH)
Ed Oake to second
Pitching: RHP Bryan Kiefer
Batting: RHB Dave McBain 0-0: Ball
1-0: Ball
2-0: Ball
3-0: Base on Balls
Ed Oake to third
Adrian Cook to second
Batting: RHB Elias Vences 0-0: Called Strike
0-1: Swinging Strike
0-2: Strikes out looking
Batting: RHB Eric McMillian 0-0: Ball
1-0: SINGLE (Line Drive, 8RM, EV 93.1 MPH)
Ed Oake scores
Adrian Cook to third
Dave McBain to second
Batting: RHB Wally Cangro 0-0: Called Strike
0-1: Ball
1-1: Ball
2-1: Swinging Strike
2-2: Ball
3-2: Base on Balls
Adrian Cook scores
Dave McBain to third
Eric McMillian to second
Pinch Hitting: LHB Ramon Vega 0-0: Ball
1-0: Fly out, F4 (Flyball, 34D, EV 87.5 MPH)
Top of the 9th over - 2 runs, 2 hits, 0 errors, 3 left on base; Calgary 5 - Joplin 8
Thursday, March 31st , 2022 - OOTP Baseball 22.12 Build 89